 Dungeon Crawl Stone Soup version 0.29-a0-383-g8b6f518c11 (webtiles) character file.

Game seed: 17858096123750148657

7438 IndexError the Frost Mage (level 11, -8/81 HPs)
             Began as a Gnoll Ice Elementalist on May 6, 2022.
             Was an Initiate of Ashenzari.
             Mangled by a two-headed ogre
             ... wielding a +0 giant club
              (13 damage)
             ... on level 9 of the Dungeon.
             The game lasted 00:29:21 (10286 turns).

IndexError the Frost Mage (Gnoll Ice Elementalist) Turns: 10286, Time: 00:29:21

Health: -8/81      AC: 21    Str: 11    XL:     11   Next: 15%
Magic:  19/22      EV: 11    Int: 18    God:    Ashenzari [......]
Gold:   996        SH:  0    Dex: 13    Spells: 17/25 levels left

rFire   . . .      SeeInvis +   K - +9 sword of Zonguldrok {reap}
rCold   . . .      Faith    .   (no shield)
rNeg    . . .      Spirit   .   q - +4 scale mail of Decaying Salvation {Str+3 Slay+3 Stlth-}
rPois   +          Reflect  .   (no helmet)
rElec   .          Harm     .   j - +2 cloak
rCorr   .          Rampage  .   p - +2 pair of gloves
Will    .....                   (no boots)
Stlth   +.........              z - amulet of regeneration {+regen, !d}
HPRegen 1.03/turn               E - ring of see invisible {sInv, !d}
MPRegen 0.18/turn               s - ring of poison resistance {rPois, !d}

@: ice-armoured
A: fangs 1, strong nose, distributed training
a: Renounce Religion, Curse Item


You were on level 9 of the Dungeon.
You worshipped Ashenzari.
Ashenzari was noncommittal.
You visited 2 branches of the dungeon, and saw 10 of its levels.
You also visited: Bailey.

You collected 996 gold pieces.

Inventory:

Hand Weapons
 a - a +2 whip of flaming
   (You took it off a gnoll on level 5 of the Dungeon)
 y - a +3 falchion
   (You took it off a wight on level 7 of the Dungeon)
 K - the +9 sword of Zonguldrok (weapon) {reap}
   (You found it in a bailey)

   Any living foe damaged by it may be reanimated upon death as a zombie
   friendly to the wielder, with an increasing chance as more damage is dealt.
 U - a +2 shortbow of freezing
   (You found it in a bailey)
Missiles
 w - 4 throwing nets {=f, !d}
Armour
 j - a +2 cloak (worn)
   (You found it on level 1 of the Dungeon)
 p - a +2 pair of gloves (worn)
   (You found it on level 5 of the Dungeon)
 q - the +4 scale mail of Decaying Salvation (worn) {Str+3 Slay+3 Stlth-}
   (You found it on level 7 of the Dungeon)

   Str:       It affects your strength (+3).
   Slay:      It affects your accuracy & damage with ranged weapons and melee
   (+3).
   Stlth:     It makes you less stealthy.
 u - a +1 ring mail of cold resistance
   (You found it on level 2 of the Dungeon)
 N - a +0 ring mail
   (You took it off a tengu warrior on level 8 of the Dungeon)
Magical Staves
 c - a staff of earth
   (You found it on level 1 of the Dungeon)
Jewellery
 s - a ring of poison resistance (right hand) {rPois, !d}
   (You found it on level 8 of the Dungeon)
 z - an amulet of regeneration (around neck) {+regen, !d}
   (You found it on level 3 of the Dungeon)
 E - a ring of see invisible (left hand) {sInv, !d}
   (You found it on level 6 of the Dungeon)
 L - an amulet of the acrobat
   (You found it on level 4 of the Dungeon)
Wands
 F - a wand of digging (15)
   (You took it off Grum on level 8 of the Dungeon)
 P - a wand of acid (4)
   (You found it on level 5 of the Dungeon)
 Y - a wand of iceblast (1)
   (You found it on level 5 of the Dungeon)
Scrolls
 g - a scroll of torment {unknown}
 i - 3 scrolls of teleportation
 k - a scroll of noise {unknown}
 l - 2 scrolls of magic mapping {!r}
 n - 3 scrolls of enchant armour
 o - 2 scrolls of brand weapon {unknown}
 H - a scroll of vulnerability {unknown}
Potions
 b - a potion of magic
 e - a potion of ambrosia
 f - 3 potions of mutation {unknown}
 m - a potion of heal wounds
 r - 2 potions of lignification {!q}
 x - 3 potions of degeneration {unknown}
 A - 6 potions of curing
 B - 2 potions of might
 G - 2 potions of haste
 Q - a potion of resistance
Miscellaneous
 V - a lightning rod (1/4)
   (You found it in a bailey)


   Skills:
 + Level 6.0 Fighting
 + Level 6.0 Short Blades
 + Level 6.0 Long Blades
 + Level 6.0 Axes
 + Level 6.0 Maces & Flails
 + Level 6.0 Polearms
 + Level 6.0 Staves
 + Level 6.0 Slings
 + Level 6.0 Bows
 + Level 6.0 Crossbows
 + Level 6.0 Throwing
 + Level 6.0 Armour
 + Level 7.6 Dodging
 + Level 7.4 Stealth
 + Level 6.0 Shields
 + Level 6.0 Unarmed Combat
 + Level 7.9 Spellcasting
 + Level 5.0 Conjurations
 + Level 5.0 Hexes
 + Level 5.0 Summonings
 + Level 5.0 Necromancy
 + Level 5.0 Translocations
 + Level 5.0 Transmutations
 + Level 5.0 Fire Magic
 + Level 8.8 Ice Magic
 + Level 5.0 Air Magic
 + Level 5.0 Earth Magic
 + Level 5.0 Poison Magic
 + Level 6.6 Invocations
 + Level 6.0 Evocations


You had 17 spell levels left.
You knew the following spells:

 Your Spells              Type           Power      Damage    Failure   Level
a - Freeze                Ice            100%       1d11      1%          1
b - Frozen Ramparts       Ice            76%        1d9       3%          3
g - Apportation           Tloc           50%        N/A       6%          1
A - Ozocubu's Armour      Ice            38%        N/A       3%          3

Your spell library contained the following spells:

 Spells                   Type           Power      Damage    Failure   Level
 Pain                     Necr           100%       1d9       6%          1
 Corpse Rot               Necr/Air       50%        N/A       10%         2
 Tukima's Dance           Hex            25%        N/A       19%         3
 Hailstorm                Conj/Ice       32%        3d8       28%         4
 Ice Form                 Ice/Tmut       32%        N/A       28%         4
 Summon Ice Beast         Ice/Summ       32%        N/A       28%         4
 Dispel Undead            Necr           25%        3d12      52%         4
 Passage of Golubria      Tloc           25%        N/A       52%         4
 Agony                    Necr           25%        N/A       86%         5
 Alistair's Intoxication  Tmut/Pois      16%        N/A       86%         5
 Excruciating Wounds      Necr           12%        N/A       86%         5
 Yara's Violent Unravell  Hex/Tmut       12%        3d7       86%         5
 Death Channel            Necr           12%        N/A       100%        6


Dungeon Overview and Level Annotations

Branches:
Dungeon (9/15)             Temple (1/1) D:7            Lair (0/6) D:8
 Bailey (visited)
    Orc: D:9-12

Altars:
Ashenzari
Cheibriados
Dithmenos
Elyvilon
Fedhas
Gozag
Hepliaklqana
Kikubaaqudgha
Makhleb
Nemelex Xobeh
Okawaru
Qazlal
Ru
Sif Muna
Trog
Uskayaw
Vehumet
Wu Jian
Xom
Yredelemnul
Zin
The Shining One

Annotations:
D:7 1 runed translucent door, Iidacon's ghost, novice MiBe


Innate Abilities, Weirdness & Mutations

You have very sharp teeth.
Your uncanny sense of smell can sniff out nearby items.
Your experience applies equally to all skills.


Message History

You open the door.
There is an open door here.
There is a stone staircase leading down here.
Your bullfrog zombie crumbles into dust!
There is an open door here.
Things that are here:
a +0 shortbow; a centaur skeleton You see here a +0 hunting sling.
You open the door.
There is an open door here.
You open the door. You open the door.
There is an open door here.
Things that are here:
a +0 mace; a +0 hand axe Done exploring.
Done exploring.
Done exploring.
There is a stone staircase leading up here.
There is a stone staircase leading down here.
You climb downwards.
There is a stone staircase leading up here.
As you read the scroll labelled BASANIX ZELUUSE, it crumbles to dust.
You feel aware of your surroundings.
It was a scroll of magic mapping.
Okay, then.
Okay, then.
Okay, then.
Okay, then.
As you read the scroll labelled COGIL WYLIBA, it crumbles to dust.
It is a scroll of identify.
m - a potion of heal wounds
As you read the scroll of identify, it crumbles to dust.
Q - a potion of resistance
As you read the scroll of identify, it crumbles to dust.
r - 2 potions of lignification
As you read the scroll of identify, it crumbles to dust.
e - a potion of ambrosia
As you read the scroll of identify, it crumbles to dust.
B - 2 potions of might
As you read the scroll of identify, it crumbles to dust.
G - 2 potions of haste
As you read the scroll labelled MOAREF SAYCULL, it crumbles to dust.
It is a scroll of enchant armour.
Your +0 cloak glows green for a moment.
As you read the scroll of enchant armour, it crumbles to dust.
Your +1 cloak glows green for a moment.
As you read the scroll of enchant armour, it crumbles to dust.
Your +0 pair of gloves glows green for a moment.
As you read the scroll of enchant armour, it crumbles to dust.
Your +1 pair of gloves glows green for a moment.
Okay, then.
You drop a +0 chain mail.
You drop a +0 ring mail.
You drop a +0 robe.
You climb upwards.
There is a stone staircase leading down here.
There is a stone staircase leading down here.
You climb downwards.
There is a stone staircase leading up here.
The air fills with toxic fumes!
As you read the scroll labelled BOPHYE IRUT, it crumbles to dust.
It was a scroll of poison.
As you read the scroll labelled HUN LOISSASK, it crumbles to dust.
The scroll dissolves into smoke.
It was a scroll of fog.
As you read the scroll labelled KACEMOPH ANWONWOSCH, it crumbles to dust.
You assume a fearsome visage.
Nothing appears to happen.
It was a scroll of fear.
As you read the scroll labelled MUCZYE WICES, it crumbles to dust.
You feel strangely unstable.
It was a scroll of teleportation.
You climb upwards.
Your surroundings suddenly seem different.
There is an escape hatch in the floor here.
There is an open door here.
There is a stone staircase leading down here.
You climb downwards.
The two-headed ogre shouts in stereo!
The two-headed ogre hits you with a +0 giant club! x2
There is a stone staircase leading up, spattered with blood here.
You take 33 damage, and have 48/81 hp.
MASSIVE DAMAGE!!
You are too injured to fight recklessly!
You are too injured to fight recklessly!
Casting: Frozen Ramparts (mildly dangerous; 3% risk of failure)
Confirm with . or Enter, or press ? or * to list all spells.
A film of ice covers your body!
You now have 19/22 mp.
Casting: Ozocubu's Armour (mildly dangerous; 3% risk of failure)
Confirm with . or Enter, or press ? or * to list all spells.
Okay, then.
You slice the two-headed ogre!! You bite the two-headed ogre.
The two-headed ogre hits you with a +0 giant club!!
The two-headed ogre hits you with a +0 giant club.
You take 24 damage, and have 25/81 hp.
MASSIVE DAMAGE!!
You hit the two-headed ogre.
The two-headed ogre hits you with a +0 giant club!
* * * LOW HITPOINT WARNING * * *
The two-headed ogre hits you with a +0 giant club!
* * * LOW HITPOINT WARNING * * *
You take 21 damage, and have 4/81 hp.
MASSIVE DAMAGE!!
You barely miss the two-headed ogre. You bite the two-headed ogre.
The two-headed ogre hits you with a +0 giant club!
You die...

,,,+,,,*,*,,,,,,*,,*
,,,+,,,*,###***,*..#
,,,*,,,*,...,,*,*..#
,,,*,,,*,....,*,*..#
,,,*****,.....*,*..####
,,,,,,,,,.....###.....#
,,,,,,,,,.............#
,,,,,,,,,......O......#
,,,,,,,,,.......@.....#
,,*******####.........#
,,* #.######### *** #**


You could see a two-headed ogre.

Vanquished Creatures
  A tengu warrior (D:8)
  Prince Ribbit (D:8)
  A wraith (D:8)
  A wyvern (D:7)
  2 yaks (D:8)
  A steam dragon (D:8)
  A water moccasin (D:5)
  2 orc warriors (D:8)
  3 black bears
  2 ice beasts (D:5)
  2 sky beasts (D:7)
  An ogre (D:6)
  9 wolves
  2 centaurs (D:8)
  A phantom (D:4)
  10 gnoll sergeants
  2 necrophages
  8 scorpions
  7 bullfrogs
  8 wights (D:7)
  6 killer bees (D:8)
  A howler monkey (D:7)
  8 hounds
  A jelly (D:6)
  Crazy Yiuf (D:5)
  4 orc priests
  8 gnoll shamans
  2 iguanas
  9 orc wizards
  25 gnolls
  8 adders
  6 river rats (D:5)
  2 white imps (D:5)
  An ufetubus (D:5)
  3 worms
  3 dart slugs
  36 orcs
  15 ball pythons
  5 endoplasms
  3 giant cockroaches
  6 goblins
  5 hobgoblins
  12 quokkas
  6 bats
  10 frilled lizards
  6 kobolds
  19 rats
276 creatures vanquished.

Vanquished Creatures (collateral kills)
  Grum (D:8)
  A centaur (D:8)
  A white imp (D:8)
3 creatures vanquished.

Vanquished Creatures (others)
  2 fungi (D:8)
  20 plants
22 creatures vanquished.

Grand Total: 301 creatures vanquished

Notes
Turn   | Place    | Note
-------+----------+-------------------------------------------
     0 | D:1      | IndexError the Gnoll Ice Elementalist began the quest for
                  | the Orb.
     0 | D:1      | Reached XP level 1. HP: 13/13 MP: 6/6
   225 | D:1      | Reached XP level 2. HP: 18/19 MP: 5/7
   708 | D:1      | Reached XP level 3. HP: 23/25 MP: 9/9
   712 | D:1      | Learned a level 3 spell: Frozen Ramparts
   716 | D:1      | Learned a level 3 spell: Ozocubu's Armour
   752 | D:1      | Reached skill level 5 in Spellcasting
  1112 | D:2      | Reached skill level 1 in Invocations
  1115 | D:2      | Reached skill level 1 in Fighting
  1115 | D:2      | Reached skill level 1 in Short Blades
  1115 | D:2      | Reached skill level 1 in Long Blades
  1115 | D:2      | Reached skill level 1 in Axes
  1115 | D:2      | Reached skill level 1 in Maces & Flails
  1115 | D:2      | Reached skill level 1 in Polearms
  1115 | D:2      | Reached skill level 1 in Staves
  1115 | D:2      | Reached skill level 1 in Slings
  1115 | D:2      | Reached skill level 1 in Bows
  1115 | D:2      | Reached skill level 1 in Crossbows
  1115 | D:2      | Reached skill level 1 in Throwing
  1115 | D:2      | Reached skill level 1 in Armour
  1115 | D:2      | Reached skill level 1 in Shields
  1115 | D:2      | Reached skill level 1 in Unarmed Combat
  1115 | D:2      | Reached skill level 1 in Evocations
  1686 | D:2      | Reached XP level 4. HP: 32/32 MP: 11/11
  3011 | D:4      | Reached skill level 1 in Conjurations
  3011 | D:4      | Reached skill level 1 in Hexes
  3011 | D:4      | Reached skill level 1 in Summonings
  3011 | D:4      | Reached skill level 1 in Necromancy
  3011 | D:4      | Reached skill level 1 in Translocations
  3011 | D:4      | Reached skill level 1 in Transmutations
  3011 | D:4      | Reached skill level 1 in Fire Magic
  3011 | D:4      | Reached skill level 1 in Air Magic
  3011 | D:4      | Reached skill level 1 in Earth Magic
  3011 | D:4      | Reached skill level 1 in Poison Magic
  3015 | D:4      | Reached XP level 5. HP: 37/37 MP: 3/12
  3194 | D:4      | Reached skill level 2 in Invocations
  3194 | D:4      | Reached XP level 6. HP: 44/44 MP: 7/13
  3499 | D:4      | Reached skill level 2 in Fighting
  3499 | D:4      | Reached skill level 2 in Short Blades
  3499 | D:4      | Reached skill level 2 in Long Blades
  3499 | D:4      | Reached skill level 2 in Axes
  3499 | D:4      | Reached skill level 2 in Maces & Flails
  3499 | D:4      | Reached skill level 2 in Polearms
  3499 | D:4      | Reached skill level 2 in Staves
  3499 | D:4      | Reached skill level 2 in Slings
  3499 | D:4      | Reached skill level 2 in Bows
  3499 | D:4      | Reached skill level 2 in Crossbows
  3499 | D:4      | Reached skill level 2 in Throwing
  3499 | D:4      | Reached skill level 2 in Armour
  3499 | D:4      | Reached skill level 5 in Dodging
  3499 | D:4      | Reached skill level 2 in Shields
  3499 | D:4      | Reached skill level 2 in Unarmed Combat
  3499 | D:4      | Reached skill level 2 in Evocations
  3856 | D:5      | Entered Level 5 of the Dungeon
  4022 | D:5      | Reached XP level 7. HP: 50/50 MP: 8/15
  4160 | D:5      | Reached skill level 2 in Conjurations
  4160 | D:5      | Reached skill level 2 in Hexes
  4160 | D:5      | Reached skill level 2 in Summonings
  4160 | D:5      | Reached skill level 2 in Necromancy
  4160 | D:5      | Reached skill level 2 in Translocations
  4160 | D:5      | Reached skill level 2 in Transmutations
  4160 | D:5      | Reached skill level 2 in Fire Magic
  4160 | D:5      | Reached skill level 2 in Air Magic
  4160 | D:5      | Reached skill level 2 in Earth Magic
  4160 | D:5      | Reached skill level 2 in Poison Magic
  4365 | D:5      | Reached skill level 5 in Stealth
  4397 | D:5      | Reached skill level 3 in Invocations
  4924 | D:5      | Reached skill level 3 in Fighting
  4924 | D:5      | Reached skill level 3 in Short Blades
  4924 | D:5      | Reached skill level 3 in Long Blades
  4924 | D:5      | Reached skill level 3 in Axes
  4924 | D:5      | Reached skill level 3 in Maces & Flails
  4924 | D:5      | Reached skill level 3 in Polearms
  4924 | D:5      | Reached skill level 3 in Staves
  4924 | D:5      | Reached skill level 3 in Slings
  4924 | D:5      | Reached skill level 3 in Bows
  4924 | D:5      | Reached skill level 3 in Crossbows
  4924 | D:5      | Reached skill level 3 in Throwing
  4924 | D:5      | Reached skill level 3 in Armour
  4924 | D:5      | Reached skill level 3 in Shields
  4924 | D:5      | Reached skill level 3 in Unarmed Combat
  4924 | D:5      | Reached skill level 3 in Evocations
  4924 | D:5      | Reached XP level 8. HP: 58/58 MP: 10/16
  5048 | D:5      | Reached skill level 6 in Spellcasting
  5300 | D:5      | Learned a level 1 spell: Apportation
  5441 | D:5      | Found a runed translucent door.
  5442 | D:5      | Noticed Crazy Yiuf
  5677 | D:5      | Killed Crazy Yiuf
  5769 | D:5      | HP: 14/58 [hound (3)]
  5878 | D:6      | Reached skill level 4 in Invocations
  5926 | D:6      | Reached skill level 3 in Conjurations
  5926 | D:6      | Reached skill level 3 in Hexes
  5926 | D:6      | Reached skill level 3 in Summonings
  5926 | D:6      | Reached skill level 3 in Necromancy
  5926 | D:6      | Reached skill level 3 in Translocations
  5926 | D:6      | Reached skill level 3 in Transmutations
  5926 | D:6      | Reached skill level 3 in Fire Magic
  5926 | D:6      | Reached skill level 3 in Air Magic
  5926 | D:6      | Reached skill level 3 in Earth Magic
  5926 | D:6      | Reached skill level 3 in Poison Magic
  5996 | D:6      | Reached skill level 6 in Dodging
  5996 | D:6      | Reached XP level 9. HP: 50/65 MP: 11/18
  6221 | D:6      | Reached skill level 4 in Fighting
  6221 | D:6      | Reached skill level 4 in Short Blades
  6221 | D:6      | Reached skill level 4 in Long Blades
  6221 | D:6      | Reached skill level 4 in Axes
  6221 | D:6      | Reached skill level 4 in Maces & Flails
  6221 | D:6      | Reached skill level 4 in Polearms
  6221 | D:6      | Reached skill level 4 in Staves
  6221 | D:6      | Reached skill level 4 in Slings
  6221 | D:6      | Reached skill level 4 in Bows
  6221 | D:6      | Reached skill level 4 in Crossbows
  6221 | D:6      | Reached skill level 4 in Throwing
  6221 | D:6      | Reached skill level 4 in Armour
  6221 | D:6      | Reached skill level 4 in Shields
  6221 | D:6      | Reached skill level 4 in Unarmed Combat
  6221 | D:6      | Reached skill level 4 in Evocations
  6652 | D:6      | Reached skill level 6 in Stealth
  6652 | D:6      | Reached skill level 8 in Ice Magic
  6751 | D:7      | Found a shimmering altar of Xom.
  6922 | D:7      | Found a runed translucent door.
  6926 | D:7      | Noticed Iidacon's ghost (novice MiBe)
  7211 | D:7      | Reached skill level 5 in Invocations
  7489 | D:7      | Reached skill level 7 in Spellcasting
  7682 | D:7      | Identified the +4 scale mail of Decaying Salvation {Str+3
                  | Slay+3 Stlth-}
  7920 | D:7      | Found a staircase to the Ecumenical Temple.
  7925 | Temple   | Entered the Ecumenical Temple
  8249 | Temple   | Became a worshipper of Ashenzari the Shackled
  8525 | D:8      | Noticed Prince Ribbit
  8543 | D:8      | Killed Prince Ribbit
  8544 | D:8      | Reached skill level 4 in Conjurations
  8544 | D:8      | Reached skill level 4 in Hexes
  8544 | D:8      | Reached skill level 4 in Summonings
  8544 | D:8      | Reached skill level 4 in Necromancy
  8544 | D:8      | Reached skill level 4 in Translocations
  8544 | D:8      | Reached skill level 4 in Transmutations
  8544 | D:8      | Reached skill level 4 in Fire Magic
  8544 | D:8      | Reached skill level 4 in Air Magic
  8544 | D:8      | Reached skill level 4 in Earth Magic
  8544 | D:8      | Reached skill level 4 in Poison Magic
  8544 | D:8      | Reached XP level 10. HP: 61/73 MP: 15/20
  8567 | D:8      | Found a flagged portal.
  8590 | Bailey   | Entered a bailey
  8744 | Bailey   | Reached skill level 5 in Fighting
  8744 | Bailey   | Reached skill level 5 in Short Blades
  8744 | Bailey   | Reached skill level 5 in Long Blades
  8744 | Bailey   | Reached skill level 5 in Axes
  8744 | Bailey   | Reached skill level 5 in Maces & Flails
  8744 | Bailey   | Reached skill level 5 in Polearms
  8744 | Bailey   | Reached skill level 5 in Staves
  8744 | Bailey   | Reached skill level 5 in Slings
  8744 | Bailey   | Reached skill level 5 in Bows
  8744 | Bailey   | Reached skill level 5 in Crossbows
  8744 | Bailey   | Reached skill level 5 in Throwing
  8744 | Bailey   | Reached skill level 5 in Armour
  8744 | Bailey   | Reached skill level 5 in Shields
  8744 | Bailey   | Reached skill level 5 in Unarmed Combat
  8744 | Bailey   | Reached skill level 5 in Evocations
  8899 | Bailey   | Reached skill level 7 in Dodging
  9011 | Bailey   | Found the +9 sword of Zonguldrok {reap}
  9223 | D:8      | Noticed Grum
  9233 | D:8      | Killed Grum
  9241 | D:8      | Reached skill level 6 in Invocations
  9242 | D:8      | Reached skill level 7 in Stealth
  9483 | D:8      | HP: 13/76 [something (16)]
  9577 | D:8      | Noticed a tengu warrior
  9585 | D:8      | Reached XP level 11. HP: 59/81 MP: 16/22
  9586 | D:8      | Killed a tengu warrior
  9601 | D:8      | Reached skill level 6 in Fighting
  9601 | D:8      | Reached skill level 6 in Short Blades
  9601 | D:8      | Reached skill level 6 in Long Blades
  9601 | D:8      | Reached skill level 6 in Axes
  9601 | D:8      | Reached skill level 6 in Maces & Flails
  9601 | D:8      | Reached skill level 6 in Polearms
  9601 | D:8      | Reached skill level 6 in Staves
  9601 | D:8      | Reached skill level 6 in Slings
  9601 | D:8      | Reached skill level 6 in Bows
  9601 | D:8      | Reached skill level 6 in Crossbows
  9601 | D:8      | Reached skill level 6 in Throwing
  9601 | D:8      | Reached skill level 6 in Armour
  9601 | D:8      | Reached skill level 6 in Shields
  9601 | D:8      | Reached skill level 6 in Unarmed Combat
  9601 | D:8      | Reached skill level 6 in Evocations
  9730 | D:8      | Found a staircase to the Lair.
  9808 | D:8      | Reached skill level 5 in Conjurations
  9808 | D:8      | Reached skill level 5 in Hexes
  9808 | D:8      | Reached skill level 5 in Summonings
  9808 | D:8      | Reached skill level 5 in Necromancy
  9808 | D:8      | Reached skill level 5 in Translocations
  9808 | D:8      | Reached skill level 5 in Transmutations
  9808 | D:8      | Reached skill level 5 in Fire Magic
  9808 | D:8      | Reached skill level 5 in Air Magic
  9808 | D:8      | Reached skill level 5 in Earth Magic
  9808 | D:8      | Reached skill level 5 in Poison Magic
 10282 | D:9      | Noticed a two-headed ogre
 10285 | D:9      | HP: 19/81 [two-headed ogre/+0 giant club (7)]
 10285 | D:9      | HP: 4/81 [two-headed ogre/+0 giant club (15)]
 10286 | D:9      | Mangled by a two-headed ogre

Illustrated notes

Levels and vault maps discovered:
D:1:      dpeg_arrival_pits, layout_loops_ring, minmay_lizard_king
D:2:      layout_loops_ring, minivault_27, minmay_misc_feat_diagonals
D:3:      layout_basic, nicolae_elevator_lobby_plus
D:4:      layout_cave_pools
D:5:      lemuel_ratsnest, layout_loops_ring, kennysheep_opposing_triangles,
          uniq_crazy_yiuf_cottage
D:6:      layout_rooms
D:7:      layout_basic, mainiacjoe_overflow_six_doors_small, temple_doors_ab,
          ebering_ghost_reflecting_pool, serial_bayou_pond_a,
          kennysheep_small_spiral, interstate_on_off
D:8:      layout_basic, grunt_lair_entry_orc_guard_hut, enter_bailey_4,
          uniq_grum, uniq_prince_ribbit1
D:9:      minmay_the_grid_triangle_9x9_rhombus_thin
          [minmay_the_grid_triangle_9x9_thin_v,
          minmay_the_grid_triangle_9x9_prize_insulated,
          minmay_the_grid_triangle_9x9_zippers_horizontal,
          minmay_the_grid_triangle_9x9_impossible_snake], layout_irregular_city,
          minivault_16
Temple:   mainiacjoe_temple_circle_huts

Skill      XL: |  1  2  3  4  5  6  7  8  9 10 11 |
---------------+----------------------------------+-----
Spellcasting   | 5 6 7 |  7.9
Invocations    | 1 2 3 4 5 6 |  6.6
Fighting       | 1 2 3 4 5 6 |  6.0
Short Blades   | 1 2 3 4 5 6 |  6.0
Long Blades    | 1 2 3 4 5 6 |  6.0
Axes           | 1 2 3 4 5 6 |  6.0
Maces & Flails | 1 2 3 4 5 6 |  6.0
Polearms       | 1 2 3 4 5 6 |  6.0
Staves         | 1 2 3 4 5 6 |  6.0
Slings         | 1 2 3 4 5 6 |  6.0
Bows           | 1 2 3 4 5 6 |  6.0
Crossbows      | 1 2 3 4 5 6 |  6.0
Throwing       | 1 2 3 4 5 6 |  6.0
Armour         | 1 2 3 4 5 6 |  6.0
Shields        | 1 2 3 4 5 6 |  6.0
Unarmed Combat | 1 2 3 4 5 6 |  6.0
Evocations     | 1 2 3 4 5 6 |  6.0
Conjurations   | 1 2 3 4 5 |  5.0
Hexes          | 1 2 3 4 5 |  5.0
Summonings     | 1 2 3 4 5 |  5.0
Necromancy     | 1 2 3 4 5 |  5.0
Translocations | 1 2 3 4 5 |  5.0
Transmutations | 1 2 3 4 5 |  5.0
Fire Magic     | 1 2 3 4 5 |  5.0
Air Magic      | 1 2 3 4 5 |  5.0
Earth Magic    | 1 2 3 4 5 |  5.0
Poison Magic   | 1 2 3 4 5 |  5.0
Dodging        | 5 6 7 |  7.6
Stealth        | 5 6 7 |  7.4
Ice Magic      | 8 |  8.8

Action                   |  1- 3 |  4- 6 |  7- 9 | 10-12 || total
-------------------------+-------+-------+-------+-------++-------
Melee: Unarmed           |     3 |       |       |       ||     3
       Club              |     1 |       |       |       ||     1
       Dagger            |    75 |    78 |   207 |       ||   360
       Bite              |     4 |    12 |    45 |     5 ||    66
       Punch             |       |       |     8 |     2 ||    10
       Whip              |       |       |    63 |     4 ||    67
       Double sword      |       |       |       |    65 ||    65
 Fire: Arbalest          |       |       |       |    75 ||    75
Throw: Javelin           |       |    53 |    68 |       ||   121
 Cast: Freeze            |    17 |     2 |     1 |       ||    20
       Frozen Ramparts   |       |     5 |    35 |    15 ||    55
       Ozocubu's Armour  |       |     6 |    20 |    11 ||    37
Evoke: Wand              |       |       |     8 |       ||     8
       Lightning rod     |       |       |       |     3 ||     3
  Use: Scroll            |       |       |       |    15 ||    15
 Stab: Sleeping          |    10 |     3 |       |       ||    13
       Distracted        |       |     1 |       |       ||     1
Armor: Robe              |    10 |     6 |    21 |       ||    37
       Ring mail         |       |       |    68 |    29 ||    97
       Scale mail        |       |       |       |    79 ||    79
Dodge: Dodged            |    55 |    42 |   144 |   128 ||   369

Table legend: (Time is in decaauts)
 A = Elapsed time spent in this place.
 B = Non-inter-level travel time spent in this place.
 C = Inter-level travel time spent in this place.
 D = Time resting spent in this place.
 E = Time spent auto-exploring this place.
 F = Levels seen in this place.
 G = Mean time per level.
                   A        B        C        D        E       F      G
               +--------+--------+--------+--------+--------+-----+--------+
         Total |  10381 |   9712 |    669 |      0 |   7558 |  11 |  943.7 |
       Dungeon |   9389 |   8762 |    627 |      0 |   6948 |   9 | 1043.2 |
        Temple |    346 |    304 |     42 |      0 |    281 |   1 |  346.0 |
        Bailey |    644 |    644 |      0 |      0 |    329 |   1 |  644.0 |
               +--------+--------+--------+--------+--------+-----+--------+

Top non-repeatable levels by time:
     D:5: 1947 daAuts
     D:7: 1464 daAuts
     D:8: 1238 daAuts
     D:1: 1096 daAuts
     D:2: 1094 daAuts
     D:4: 868 daAuts
     D:3: 858 daAuts
     D:6: 795 daAuts
  Bailey: 644 daAuts
  Temple: 346 daAuts
     D:9: 27 daAuts

Table legend:
 A = Kills in this place as a percentage of kills in entire the game.
 B = Kills by you in this place as a percentage of kills by you in the entire game.
 C = Kills by friends in this place as a percentage of kills by friends in the entire game.
 D = Other kills in this place as a percentage of other kills in the entire game.
 E = Experience gained in this place as a percentage of experience gained in the entire game.
 F = Experience gained in this place divided by the number of levels of this place that you have seen.
                   A       B       C       D       E      F
               +-------+-------+-------+-------+-------+----------------------
         Total | 100.0 | 100.0 | 100.0 |   N/A | 100.0 | 966.0
       Dungeon |  87.5 |  87.3 | 100.0 |   N/A |  82.2 | 970.4
        Bailey |  12.5 |  12.7 |   0.0 |   N/A |  17.8 | 1892.0
               +-------+-------+-------+-------+-------+----------------------
